 Dungeon Crawl Stone Soup version 0.27.0-65-ge2af304b15 (webtiles) character file.

Game seed: 17125938788235448275

506 pkoi the Archer (level 6, 0/50 HPs)
             Began as a Minotaur Hunter on Aug 18, 2021.
             Was a Believer of Jiyva.
             Slain by a quokka (3 damage)
             ... summoned by Eustachio
             ... on level 5 of the Dungeon.
             The game lasted 00:05:02 (5764 turns).

pkoi the Archer (Minotaur Hunter)                   Turns: 5764, Time: 00:05:03

Health: 0/50       AC:  3    Str: 16    XL:     6   Next: 97%
Magic:  2/5        EV: 12    Int:  7    God:    Jiyva [**....]
Gold:   91         SH:  0    Dex: 14    Spells: 5/5 levels left

rFire    . . .     SeeInvis .   b - +0 short sword
rCold    . . .     Faith    .   (no shield)
rNeg     . . .     Spirit   .   c - +0 leather armour
rPois    .         Reflect  .   (helmet restricted)
rElec    .         Harm     .   (no cloak)
rCorr    .         Rampage  .   (no gloves)
Will     .....                  (no boots)
Stlth    +.........             (no amulet)
HPRegen  0.16/turn              (no ring)
MPRegen  0.09/turn              (no ring)

@: no status effects
A: horns 2, retaliatory headbutt
a: Renounce Religion, Request Jelly


You were on level 5 of the Dungeon.
You worshipped Jiyva.
Jiyva was pleased with you.
You visited 1 branch of the dungeon, and saw 5 of its levels.

You collected 91 gold pieces.

Inventory:

Hand Weapons
 a - a +1 shortbow
 b - a +0 short sword (weapon)
Missiles
 d - an arrow
Armour
 c - a +0 leather armour (worn)
Jewellery
 e - an amulet of reflection
Scrolls
 f - a scroll of enchant weapon {unknown}
 i - a scroll of identify
 l - a scroll of blinking
Potions
 g - a potion of heal wounds
 j - a potion of brilliance


   Skills:
 - Level 2.4 Fighting
 + Level 9.2 Bows
 - Level 2.1 Dodging
 - Level 0.7 Stealth


You had 5 spell levels left.
You didn't know any spells.
Your spell library contained the following spells:

 Spells                   Type           Power      Damage    Failure   Level
 Pain                     Necr           0%         1d4       50%         1
 Sublimation of Blood     Necr           0%         N/A       65%         2
 Petrify                  Tmut/Erth      0%         N/A       99%         4
 Irradiate                Conj/Tmut      0%         3d14      100%        5


Dungeon Overview and Level Annotations

Branches:
Dungeon (5/15)
 Temple: D:4-7

Altars:
Okawaru
Jiyva

Portals:
Abyss: D:4

Annotations:
D:4 2 transporters, horus123's ghost, weakling DgFi
D:5 Eustachio


Innate Abilities, Weirdness & Mutations

You have a pair of horns on your head.
You reflexively headbutt those who attack you in melee.


Message History

The quokka's corpse disappears in a puff of smoke!
Eustachio hits you with a +0 rapier.
* * * LOW HITPOINT WARNING * * *
You hit Eustachio but do no damage.
Eustachio is almost dead.
Eustachio casts a spell.
Unknown command.
You barely miss Eustachio.
Eustachio is almost dead.
You hear a slurping noise.
Eustachio closely misses you. The quokka closely misses you.
Unknown command.
You barely miss Eustachio.
Eustachio is almost dead.
The quokka bites you.
* * * LOW HITPOINT WARNING * * *
Eustachio mumbles some strange words.
Eustachio blinks!
Unknown command.
The quokka bites you.
* * * LOW HITPOINT WARNING * * *
Eustachio mumbles some strange words.
Eustachio blinks!
The river rat misses you. The rat bites you but does no damage.
The quokka misses you.
The river rat bites the jelly!
The acid corrodes the river rat!
The river rat is burned by acid!
The rat bites the jelly.
The rat is burned by acid!
The rat dies!
The rat's corpse disappears in a puff of smoke!
The quokka barely misses you.
Unknown command.
The jelly barely misses the river rat.
The river rat bites the jelly!
The river rat seems to be corroded for longer.
The river rat is burned by acid!
You hit the quokka.
You headbutt the quokka, but do no damage.
The quokka is severely wounded.
You hear a slurping noise.
The jelly closely misses the river rat.
The quokka bites you.
You die...

#.........##..####.
#..#......##..#####
#..##............>.
##.##..............
#..##.....##.......
#..#########....##.
#..# ...........###
#..##J..........#..
#.@rJ....(......#..
#....r...(......#..
#+###....... #..
.....## #.. ....(#
#.. ...(.# #..
....(# #.. .....#
#.. #..


You could see a river rat (summoned, corroded), a quokka (summoned) and 2
neutral jellies (fellow slime).

Vanquished Creatures
  Sigmund (D:2)
  A black bear (D:4)
  A sky beast (D:3)
  A phantom (D:5)
  A centaur zombie (D:5)
  An orc wizard (D:3)
  A killer bee zombie (D:3)
  5 gnolls
  3 adders
  An adder skeleton (D:4)
  3 worms
  2 dart slugs (D:1)
  5 orcs (D:3)
  2 ball pythons
  3 bats
  2 endoplasms (D:1)
  A giant cockroach (D:2)
  5 goblins
  6 hobgoblins
  5 jackals
  6 kobolds
  A quokka (D:1)
  2 frilled lizards
  6 rats
65 creatures vanquished.

Vanquished Creatures (others)
  Duvessa (D:4)
  A black bear (D:4)
  A centaur (D:5)
  A phantom (D:4)
  Dowan (D:4)
  15 jellies
  A centaur zombie (D:5)
  An iron imp (D:4)
  An iguana (D:5)
  2 hound zombies
  A hound skeleton (D:4)
  A howler monkey zombie (D:5)
  4 adders (D:4)
  A gnoll (D:5)
  2 worms
  A dart slug (D:2)
  2 endoplasms (D:4)
  A ball python (D:2)
  A giant cockroach (D:4)
  3 goblins (D:2)
  A kobold (D:2)
  2 quokkas
  A bat (D:3)
  A frilled lizard (D:2)
  A rat (D:2)
  A fungus (D:1)
  3 plants (D:1)
52 creatures vanquished.

Grand Total: 117 creatures vanquished

Notes
Turn   | Place    | Note
-------+----------+-------------------------------------------
     0 | D:1      | pkoi the Minotaur Hunter began the quest for the Orb.
     0 | D:1      | Reached XP level 1. HP: 18/18 MP: 0/0
   173 | D:1      | Reached XP level 2. HP: 25/25 MP: 1/1
   186 | D:1      | Reached skill level 5 in Bows
   392 | D:1      | Found a faded altar of an unknown god.
   405 | D:1      | Got Plato's Handbook of Dark Arts
   468 | D:1      | Became a worshipper of Jiyva Jopuppa the Shapeless
   468 | D:1      | Reached * piety under Jiyva
   780 | D:1      | Reached XP level 3. HP: 13/30 MP: 2/2
  1597 | D:2      | Reached skill level 6 in Bows
  1691 | D:2      | Noticed Sigmund
  1807 | D:2      | Killed Sigmund
  1808 | D:2      | Reached XP level 4. HP: 26/37 MP: 3/3
  1921 | D:2      | Reached ** piety under Jiyva
  2668 | D:3      | Reached skill level 7 in Bows
  2668 | D:3      | Reached XP level 5. HP: 31/42 MP: 4/4
  3061 | D:3      | Found an iron altar of Okawaru.
  3202 | D:3      | Noticed a sky beast
  3210 | D:3      | Killed a sky beast
  3507 | D:4      | Noticed Duvessa
  3534 | D:4      | Noticed Dowan
  4092 | D:4      | Killed Dowan
  4093 | D:4      | Noticed a black bear
  4107 | D:4      | Killed a black bear
  4203 | D:4      | Noticed horus123's ghost (weakling DgFi)
  4206 | D:4      | Found a transporter.
  4213 | D:4      | Found a transporter.
  4310 | D:4      | Reached skill level 8 in Bows
  4310 | D:4      | Reached XP level 6. HP: 42/50 MP: 5/5
  4395 | D:4      | Killed Duvessa
  4662 | D:4      | Found a one-way gate to the infinite horrors of the Abyss.
  5089 | D:5      | Entered Level 5 of the Dungeon
  5260 | D:4      | Reached skill level 9 in Bows
  5735 | D:5      | Noticed Eustachio
  5764 | D:5      | Slain by a quokka

Illustrated notes

Levels and vault maps discovered:
D:1:      mrwooster_arrival_statue, layout_basic,
          shapermc_ecumenical_altar_rom_forum, serial_aquarium,
          aquarium_bridge_straight [aquarium_subvault_bridge,
          aquarium_subvault_wall, aquarium_subvault_bridge,
          aquarium_subvault_balcony], aquarium_window_corridor_1,
          aquarium_window_corner, aquarium_view_2a, aquarium_view_2e
D:2:      layout_loops_ring, mrwooster_statue_mirror, uniq_sigmund
D:3:      layout_loops_cross, mainiacjoe_overflow_brackets
D:4:      layout_basic, gammafunk_ghost_abyssal_escape,
          kennysheep_generic_room_8, uniq_duvessa
D:5:      layout_gridville, kennysheep_pointless_box,
          minmay_misc_feat_secret_circle, uniq_eustachio

Skill      XL: |  1  2  3  4  5  6 |
---------------+-------------------+-----
Bows           | 5 6 7 8 9 |  9.2
Fighting       | |  2.4
Dodging        | |  2.1
Stealth        | |  0.7

Action                   |  1- 3 |  4- 6 || total
-------------------------+-------+-------++-------
Melee: Short sword       |    64 |   107 ||   171
       Headbutt          |    11 |    26 ||    37
 Fire: Shortbow          |    24 |    49 ||    73
Invok: Request Jelly     |       |     5 ||     5
  Use: Scroll            |       |     5 ||     5
       Potion            |       |     2 ||     2
 Stab: Sleeping          |       |     1 ||     1
Armor: Leather armour    |    23 |    18 ||    41
Dodge: Dodged            |    45 |    85 ||   130
